 Dungeon Crawl Stone Soup version 0.14.2 (webtiles) character file.

5610 Trafet the Cruncher (level 10, -6/97 HPs)
             Began as a Demigod Ice Elementalist on Apr 19, 2015.
             Mangled by an ancient zyme (9 damage)
             ... on Level 1 of the Abyss.
             The game lasted 00:43:19 (11931 turns).

Trafet the Cruncher (Demigod Ice Elementalist)     Turns: 11931, Time: 00:43:19

HP  -6/97        AC 14     Str 18 (19) XL: 10   Next: 17%
MP  16/24        EV 13     Int 26      God:
Gold 231         SH 12     Dex 15 (16) Spells:  3 memorised,  9 levels left

rFire  . . .     SeeInvis .     y - +4,+3 quarterstaff (chaos)
rCold  + + .     Clarity  .     e - +1 leather armour {rC+}
rNeg   . . .     Conserve .     (no shield)
rPois  .         rCorr    .     P - +0 helmet
rElec  .         rRot     .     G - +0 cloak
SustAb . .       Spirit   .     (no gloves)
rMut   .         Warding  .     h - +1 pair of boots
Saprov . . .     Stasis   .     (no amulet)
MR     +....                    E - cursed +2 ring of intelligence
                                V - ring of protection from cold

@: icy armour, non-regenerating, berserking, diseased, very slightly
contaminated, very quick, somewhat resistant to hostile enchantments, extremely
unstealthy
A: frail 1
a: no special abilities


You were on level 1 of the Abyss.
You were hungry.

You visited 1 branch of the dungeon, and saw 8 of its levels.
You visited the Abyss 1 time.
You also visited: Sewer.

You collected 351 gold pieces.
You spent 120 gold pieces at shops.

Inventory:

Hand weapons
 y - a +4,+3 quarterstaff of chaos (weapon)
 X - a +0 blowgun
Missiles
 i - 3 silver tomahawks
 l - 2 throwing nets
 r - 4 darts of frost (quivered)
 t - 74 bolts
 H - 6 darts
 N - 83 arrows
 T - 6 tomahawks of returning
Armour
 e - a +1 leather armour of cold resistance (worn)
 h - a +1 pair of boots (worn)
 G - a +0 cloak (worn)
 P - a +0 helmet (worn)
Magical devices
 j - a wand of lightning (5)
 R - a wand of fireball (8) {unknown}
Comestibles
 c - 9 bread rations
 p - a meat ration
 A - 8 sultanas
 D - 4 beef jerkies
Scrolls
 d - 4 scrolls of remove curse
 m - 3 scrolls of enchant weapon I
 q - a scroll of fog
 u - 2 scrolls of recharging
 v - 2 scrolls of blinking
 z - a scroll of magic mapping
 B - 2 scrolls of amnesia
 J - 2 scrolls of immolation {unknown}
 M - a scroll of fear
Jewellery
 g - a +4 ring of intelligence
 x - an uncursed amulet of resist corrosion {unknown}
 E - a cursed +2 ring of intelligence (right hand)
 I - an uncursed ring of flight
 Q - an uncursed ring of ice
 V - a ring of protection from cold (left hand)
Potions
 a - 2 potions of agility
 n - a potion of resistance
 o - 5 potions of might
 s - a potion of heal wounds {unknown}
 w - a potion of poison
 C - 5 potions of magic
 O - a potion of confusion {unknown}
 S - 2 potions of invisibility
Books
 b - a book of Frost

   Spells                             Type                      Level
   *Freeze                            Ice                          1
   Throw Frost                        Conjuration/Ice              2
   *Ozocubu's Armour                  Charms/Ice                   3
   Throw Icicle                       Conjuration/Ice              4
   Summon Ice Beast                   Ice/Summoning                4
   *Condensation Shield               Ice                          4
 F - a book of the Warp

   Spells                             Type                      Level
   Control Teleport                   Charms/Translocation         4
   Phase Shift                        Translocation                5
   Warp Weapon                        Charms/Translocation         5
   Summon Forest                      Summoning/Translocation      5
   Dispersal                          Translocation                6
   Controlled Blink                   Translocation                7
   Disjunction                        Translocation                8
 L - a book of Control

   Spells                             Type                      Level
   Control Teleport                   Charms/Translocation         4
   Control Undead                     Necromancy                   4
   Enslavement                        Hexes                        4
   Metabolic Englaciation             Hexes/Ice                    5
   Mass Confusion                     Hexes                        6


   Skills:
 + Level 2.1 Fighting
 - Level 12.5 Staves
 + Level 4.4 Dodging
 - Level 1.7 Stealth
 - Level 4.2 Spellcasting
   Level 0.8 Conjurations
 - Level 1.0 Charms
 - Level 6.8 Ice Magic


You had 9 spell levels left.
You knew the following spells:

 Your Spells              Type           Power        Failure   Level  Hunger
a - Freeze                Ice            ####         1%          1    None
b - Ozocubu's Armour      Chrm/Ice       ####......   8%          3    ##.....
c - Condensation Shield   Ice            #####.....   8%          4    ####...


Dungeon Overview and Level Annotations

Branches:
Dungeon (8/15)             Temple (0/1) D:7
   Lair: D:8-11

Shops:
D:7 }

Annotations:
D:8 Erolcha


Innate Abilities, Weirdness & Mutations

You are frail (-10% HP).


Message History

Confirm with . or Enter, or press ? or * to list all spells.
A film of ice covers your body! Something hits you but does no damage.
Something hits you but does no damage.
No target in view!
No target in view!
A white imp comes into view.
Something hits you. Something hits you!
* * * LOW HITPOINT WARNING * * *
You feel ill.
You hit something but do no damage. Something hits you!
* * * LOW HITPOINT WARNING * * *
Something completely misses you.
You hit something.
There is a sudden explosion of sparks!
Something hits you.
* * * LOW HITPOINT WARNING * * *
Something hits you but does no damage.
You barely miss something.
Drink which item? (? for menu, Esc to quit)
A red film seems to cover your vision as you go berserk!
You feel yourself moving faster!
You feel mighty! Something hits you!
You die...

### G
.###### #
#.@.###
#..##.##.###
#......###
#..#.####
#..##.#_###
.#. #.#### .
ยง# . . #


There were no monsters in sight!

Vanquished Creatures
  A smoke demon (Abyss:1)
  An ancient zyme (Abyss:1)
  Prince Ribbit (D:6)
  A ynoxinul (Abyss:1)
  A golden eye (Abyss:1)
  A hungry ghost (D:7)
  A neqoxec (Abyss:1)
  Edmund (D:6)
  A small abomination (Abyss:1)
  An orc warrior (D:8)
  3 phantoms (D:5)
  A centaur (D:7)
  An ice beast (D:6)
  2 ogres (D:7)
  2 big kobolds (D:7)
  5 giant frogs
  A scorpion (D:6)
  6 wights (D:7)
  A jelly (D:6)
  Crazy Yiuf (D:3)
  3 orc wizards
  5 hounds
  An orc priest (D:7)
  Natasha (D:3)
  2 quasits
  7 worker ants
  An iguana (D:7)
  Ijyb (D:4)
  7 gnolls
  12 adders
  7 green rats (Sewer)
  3 shadow imps
  2 giant mites (D:3)
  4 worms
  An orc skeleton (D:5)
  An adder skeleton (D:4)
  A giant eyeball (D:6)
  7 giant geckos
  5 oozes
  19 orcs
  14 ball pythons
  A bat skeleton (D:4)
  4 giant cockroaches
  12 goblins
  10 hobgoblins
  9 jackals
  28 kobolds
  4 quokkas
  11 bats
  14 giant newts
  A jackal skeleton (D:5)
  An orc zombie (D:7)
  35 rats
  A butterfly (D:7)
268 creatures vanquished.

Vanquished Creatures (others)
  An orc (D:4)
  2 starspawn tentacles (Abyss:1)
3 creatures vanquished.

Grand Total: 271 creatures vanquished

Notes
Turn   | Place    | Note
--------------------------------------------------------------
     0 | D:1      | Trafet, the Demigod Ice Elementalist, began the quest for the Orb.
     0 | D:1      | Reached XP level 1. HP: 14/14 MP: 3/3
   661 | D:1      | Reached skill level 3 in Ice Magic
   949 | D:1      | Reached XP level 2. HP: 20/20 MP: 2/5
  1943 | D:1      | Reached XP level 3. HP: 22/26 MP: 3/8
  2125 | D:2      | Reached skill level 4 in Ice Magic
  2140 | D:2      | Learned a level 3 spell: Ozocubu's Armour
  2417 | D:2      | Reached XP level 4. HP: 24/33 MP: 1/10
  2847 | D:2      | Reached skill level 5 in Ice Magic
  3072 | D:3      | Found a glowing drain.
  3166 | Sewer    | Entered a sewer
  3184 | Sewer    | Reached XP level 5. HP: 36/38 MP: 10/12
  3673 | Sewer    | Reached skill level 6 in Ice Magic
  3905 | Sewer    | Reached XP level 6. HP: 40/45 MP: 3/14
  4011 | Sewer    | Learned a level 4 spell: Condensation Shield
  4730 | D:3      | Noticed Crazy Yiuf
  4740 | D:3      | Killed Crazy Yiuf
  4740 | D:3      | Reached skill level 1 in Charms
  5126 | D:3      | Noticed Natasha
  5138 | D:3      | Killed Natasha
  5138 | D:3      | Reached skill level 1 in Staves
  5498 | D:4      | Found an ancient bone altar of Kikubaaqudgha.
  5594 | D:4      | Noticed Ijyb
  5606 | D:4      | Killed Ijyb
  5606 | D:4      | Reached XP level 7. HP: 45/50 MP: 10/18
  6358 | D:5      | Entered Level 5 of the Dungeon
  6369 | D:5      | Found a blossoming altar of Fedhas.
  6589 | D:5      | Found a glowing silver altar of Zin.
  7107 | D:5      | Reached skill level 5 in Staves
  7973 | D:6      | Reached XP level 8. HP: 38/57 MP: 9/18
  8063 | D:6      | Paralysed by a giant eyeball for 4 turns
  8754 | D:6      | Reached skill level 12 in Staves
  8754 | D:6      | Reached XP level 9. HP: 59/62 MP: 20/20
  8888 | D:6      | Noticed Edmund
  8919 | D:6      | Killed Edmund
  8946 | D:6      | Noticed Prince Ribbit
  8963 | D:6      | Killed Prince Ribbit
  9718 | D:7      | Found a glowing silver altar of Zin.
  9718 | D:7      | Noticed an angel
  9755 | D:7      | Found a staircase to the Ecumenical Temple.
  9932 | D:7      | Found Oguimm's Gadget Shoppe.
  9941 | D:7      | Bought a wand of lightning (6) for 120 gold pieces
 10461 | D:7      | HP: 3/62 [ogre/giant club (23)]
 10663 | D:8      | Found a glowing silver altar of Zin.
 10776 | D:8      | Noticed Erolcha
 10776 | D:8      | Cast into the Abyss (Erolcha)
 10837 | Abyss:1  | Noticed a large abomination
 10847 | Abyss:1  | Noticed a tentacled starspawn
 10876 | Abyss:1  | Noticed a large abomination
 10907 | Abyss:1  | Noticed a large abomination
 10918 | Abyss:1  | Noticed a wretched star
 10934 | Abyss:1  | Noticed a starcursed mass
 11168 | Abyss:1  | Noticed a large abomination
 11217 | Abyss:1  | Reached skill level 1 in Fighting
 11217 | Abyss:1  | Reached XP level 10. HP: 22/71 MP: 24/24
 11267 | Abyss:1  | Noticed a large abomination
 11352 | Abyss:1  | Gained mutation: You are frail (-10% HP). [a neqoxec]
 11388 | Abyss:1  | Noticed a large abomination
 11636 | Abyss:1  | Noticed a flaming corpse
 11768 | Abyss:1  | Found a corrupted altar of Lugonu.
 11929 | Abyss:1  | HP: 2/65 [something (2)]
 11931 | Abyss:1  | Mangled by an ancient zyme

Action                   |  1- 3 |  4- 6 |  7- 9 | 10-12 || total
-------------------------+-------+-------+-------+-------++-------
Melee: Dagger            |    35 |     4 |       |       ||    39
       Unarmed           |     7 |       |       |       ||     7
       Halberd           |       |   184 |       |       ||   184
       Quarterstaff      |       |    53 |   420 |    37 ||   510
Throw: Dart              |       |       |     1 |       ||     1
 Cast: Freeze            |    74 |    80 |       |       ||   154
       Ozocubu's Armour  |       |    10 |    14 |     2 ||    26
       Condensation Shie |       |     8 |    14 |     1 ||    23
Evoke: Wand              |       |       |     2 |       ||     2
  Use: Scroll            |     3 |     4 |    13 |     4 ||    24
       Potion            |       |       |     2 |     3 ||     5
 Stab: Sleeping          |       |     5 |     8 |       ||    13
       Petrifying        |       |     1 |       |       ||     1
       Paralysed         |       |       |    12 |       ||    12
       Confused          |       |       |     2 |       ||     2
